 Dungeon Crawl Stone Soup version 0.26.1-11-gd32895ea62 (webtiles) character file.

Game seed: 7159205472474832595

3700 bnorton916 the Blocker (level 10, -16/82 HPs)
             Began as a Formicid Fighter on June 27, 2021.
             Was an Elder of Okawaru.
             Demolished by an orc knight
             ... wielding a +3 broad axe
              (19 damage)
             ... in a bailey.
             The game lasted 00:15:39 (8997 turns).

bnorton916 the Blocker (Formicid Fighter)           Turns: 8997, Time: 00:15:40

Health: -16/82     AC: 12    Str: 24    XL:     10   Next: 35%
Magic:  10/10      EV: 10    Int:  8    God:    Okawaru [****..]
Gold:   82         SH: 12    Dex: 16    Spells: 9/9 levels left

rFire    . . .     SeeInvis +   E - +0 battleaxe
rCold    + . .     Faith    .   c - +0 kite shield
rNeg     . . .     Spirit   .   b - +0 scale mail
rPois    .         Reflect  .   (helmet unavailable)
rElec    .         Harm     .   (no cloak)
rCorr    .         Rampage  .   t - +0 pair of gloves
Will     +....                  C - +1 pair of boots {Stlth+}
Stlth    +.........             (no amulet)
HPRegen  0.23/turn              w - +6 ring of dexterity
MPRegen  0.12/turn              v - ring of protection from cold

@: no status effects
A: permanent stasis, dig shafts and tunnels, four strong arms, antennae 3
a: Dig, Renounce Religion, Heroism


You were in a bailey.
You worshipped Okawaru.
Okawaru was greatly pleased with you.
You visited 1 branch of the dungeon, and saw 9 of its levels.
You also visited: Bailey.

You collected 457 gold pieces.
You spent 375 gold pieces at shops.

Inventory:

Hand Weapons
 a - a +1 war axe
 e - a +1 mace of draining
 E - a +0 battleaxe (weapon)
Missiles
 D - 17 poisoned darts
Armour
 b - a +0 scale mail (worn)
 c - a +0 kite shield (worn)
 t - a +0 pair of gloves (worn)
 C - a +1 pair of boots of stealth (worn)
Jewellery
 g - an uncursed ring of resist corrosion
 v - a ring of protection from cold (right hand)
 w - a +6 ring of dexterity (left hand)
 y - an uncursed ring of flight
Wands
 n - a wand of iceblast (7) (quivered)
Scrolls
 j - 3 scrolls of amnesia
 k - 4 scrolls of remove curse
 l - 2 scrolls of noise
 p - 2 scrolls of enchant weapon
 q - 2 scrolls of magic mapping
 u - 2 scrolls of vulnerability
 A - a scroll of identify
Potions
 d - 3 potions of might
 f - 2 potions of lignification {unknown}
 h - 4 potions of flight
 m - a potion of resistance {unknown}
 o - 2 potions of mutation
 r - 3 potions of brilliance {unknown}
 s - 2 potions of curing
 x - a potion of degeneration {unknown}
 z - a potion of cancellation
 B - a potion of berserk rage {unknown}


   Skills:
 + Level 8.6 Fighting
 + Level 7.5 Axes
 + Level 8.6 Armour
 - Level 9.0 Shields


You had 9 spell levels left.
You didn't know any spells.
Your spell library contained the following spells:

 Spells                   Type           Power        Failure   Level
 Magic Dart               Conj           0%           67%         1
 Sandblast                Erth           0%           67%         1
 Call Imp                 Summ           0%           80%         2
 Passwall                 Tmut/Erth      0%           80%         2
 Slow                     Hex            0%           80%         2
 Conjure Flame            Conj/Fire      0%           95%         3
 Mephitic Cloud           Conj/Pois/Air  0%           95%         3
 Stone Arrow              Conj/Erth      0%           95%         3
 Petrify                  Tmut/Erth      0%           100%        4
 Lee's Rapid Deconstruct  Erth           0%           100%        5
 Blink                    Tloc           Unusable     N/A         2

Dungeon Overview and Level Annotations

Branches:
Dungeon (9/15)             Temple (0/1) D:6          Bailey (1/1)
   Lair: D:8-11         Orc: D:9-12

Altars:
Kikubaaqudgha
Nemelex Xobeh
Okawaru
Uskayaw
Xom

Shops:
D:5 *   D:7 *   D:8 [   D:9 *


Innate Abilities, Weirdness & Mutations

You cannot be hasted, slowed, berserked, paralysed or teleported.
You can dig through walls and to a lower floor.
Your four strong arms can wield two-handed weapons with a shield.
You have a pair of large antennae on your head. (SInv)


Message History

The orc knight hits you with a +3 broad axe!!
* * * LOW HITPOINT WARNING * * *
You slice the orc knight!!
The orc knight is severely wounded.
You block the orc knight's attack.
You closely miss the orc knight.
The orc knight is severely wounded.
You slash the orc!
You kill the orc!
Okawaru accepts your kill.
The orc knight hits you with a +3 broad axe.
* * * LOW HITPOINT WARNING * * *
You slash the orc knight!
The orc knight is almost dead.
The orc knight hits you with a +3 broad axe!
* * * LOW HITPOINT WARNING * * *
You closely miss the orc knight.
The orc knight is almost dead.
The orc knight hits you with a +3 broad axe!!
You die...

### ####)##
####.#.#.##
##.#.#.###.##
##.#.#### ##.##
#)###.∩.###)#.#
##.##...##.#.##
##...@o..####
#)..∩...# #.).....#
#.).....#
########..)....#####
≈≈≈≈≈≈≈.........≈≈≈≈≈
≈≈≈≈≈≈≈≈≈≈.(.≈≈≈≈≈≈≈≈
≈≈≈≈≈≈≈≈≈≈.).≈≈≈≈≈≈≈≈
≈≈≈≈≈≈≈≈≈≈...≈≈≈≈≈≈≈≈


You could see an orc knight (drained).

Vanquished Creatures
  2 kobold demonologists (Bailey)
  Grinder (D:6)
  A spriggan (D:7)
  Menkaure (D:4)
  A water moccasin (D:8)
  2 black bears
  2 ice beasts
  2 orc warriors
  2 ogres
  3 centaurs
  Blork the orc (D:6)
  4 bullfrogs
  A scorpion (D:6)
  A water moccasin skeleton (D:4)
  6 killer bees
  An electric eel (Bailey)
  A bullfrog skeleton (D:7)
  2 hounds
  8 orc wizards
  A quasit (D:8)
  3 jellies
  3 worker ants
  A hound zombie (D:7)
  A worker ant zombie (D:5)
  2 howler monkey skeletons
  8 gnolls
  5 adders
  3 shadow imps
  5 white imps
  3 ufetubi
  2 oozes (D:3)
  An adder zombie (D:2)
  3 adder skeletons
  3 worms
  A dart slug (D:3)
  3 leopard geckos
  21 orcs
  4 bats
  A bat zombie (D:2)
  9 giant cockroaches
  7 goblins
  6 hobgoblins
  5 jackals
  8 kobolds
  6 quokkas
  4 frilled lizards
  A giant cockroach zombie (D:2)
  2 leopard gecko skeletons
  A leopard gecko zombie (D:6)
  A quokka zombie (D:2)
  7 rats
173 creatures vanquished.

Vanquished Creatures (others)
  2 plants (D:9)
2 creatures vanquished.

Grand Total: 175 creatures vanquished

Notes
Turn   | Place    | Note
-------+----------+-------------------------------------------
     0 | D:1      | bnorton916 the Formicid Fighter began the quest for the
                  | Orb.
     0 | D:1      | Reached XP level 1. HP: 18/18 MP: 1/1
   189 | D:1      | Reached XP level 2. HP: 24/24 MP: 2/2
   960 | D:2      | Reached skill level 4 in Shields
   960 | D:2      | Reached XP level 3. HP: 29/29 MP: 3/3
  1351 | D:2      | Found a faded altar of an unknown god.
  1534 | D:2      | Reached XP level 4. HP: 37/37 MP: 4/4
  2078 | D:3      | Found an ancient bone altar of Kikubaaqudgha.
  2082 | D:3      | Found a sparkling altar of Nemelex Xobeh.
  2086 | D:3      | Found a hide-covered altar of Uskayaw.
  2308 | D:3      | Reached XP level 5. HP: 39/42 MP: 5/5
  2427 | D:4      | Found an iron altar of Okawaru.
  2435 | D:4      | Became a worshipper of Warmaster Okawaru
  2460 | D:4      | Reached XP level 6. HP: 37/49 MP: 6/6
  2468 | D:4      | Reached skill level 5 in Shields
  2656 | D:4      | Noticed Menkaure
  2662 | D:4      | Killed Menkaure
  3084 | D:5      | Entered Level 5 of the Dungeon
  3091 | D:5      | Noticed a black bear
  3096 | D:5      | Killed a black bear
  3096 | D:5      | Reached * piety under Okawaru
  3097 | D:5      | Reached skill level 5 in Fighting
  3097 | D:5      | Reached skill level 5 in Armour
  3097 | D:5      | Reached XP level 7. HP: 55/56 MP: 7/7
  3353 | D:5      | Found Hupicaal's General Store.
  3361 | D:5      | Bought a potion of heal wounds for 70 gold pieces
  3361 | D:5      | Bought a scroll of magic mapping for 49 gold pieces
  3361 | D:5      | Bought 2 potions of flight for 84 gold pieces
  3504 | D:5      | Reached skill level 6 in Shields
  3645 | D:5      | Reached XP level 8. HP: 61/63 MP: 8/8
  4020 | D:6      | Found a staircase to the Ecumenical Temple.
  4093 | D:6      | Found a hide-covered altar of Uskayaw.
  4636 | D:6      | Reached skill level 5 in Axes
  5208 | D:6      | Noticed Blork the orc
  5208 | D:6      | Noticed Grinder
  5213 | D:6      | Killed Blork the orc
  5235 | D:6      | Killed Grinder
  5235 | D:6      | Reached ** piety under Okawaru
  5236 | D:6      | Reached skill level 7 in Shields
  5357 | D:6      | Reached XP level 9. HP: 33/71 MP: 9/9
  5743 | D:7      | Found Icauru Xuni's General Store.
  6147 | D:7      | Found a shimmering altar of Xom.
  6491 | D:7      | Reached *** piety under Okawaru
  6492 | D:7      | Reached skill level 8 in Shields
  7544 | D:8      | Found Qamyruz's Antique Armour Shop.
  7564 | D:8      | Bought a pair of runed boots for 172 gold pieces
  7605 | D:8      | Reached XP level 10. HP: 80/80 MP: 10/10
  8285 | D:9      | Found Emaeky's Assorted Antiques.
  8334 | D:9      | Found a flagged portal.
  8359 | Bailey   | Entered a bailey
  8495 | Bailey   | Noticed a kobold demonologist
  8518 | Bailey   | Reached skill level 9 in Shields
  8596 | Bailey   | Noticed a kobold demonologist
  8598 | Bailey   | Noticed a sun demon
  8604 | Bailey   | Noticed a sixfirhy
  8612 | Bailey   | Noticed a sixfirhy
  8620 | Bailey   | Killed a kobold demonologist
  8643 | Bailey   | Killed a kobold demonologist
  8643 | Bailey   | Reached **** piety under Okawaru
  8917 | Bailey   | Noticed an orc knight
  8996 | Bailey   | HP: 3/82 [orc knight/+3 broad axe (16)]
  8997 | Bailey   | Demolished by an orc knight

Illustrated notes

Levels and vault maps discovered:
D:1:      sevenhm_arrival_forest_fort_large_4, layout_loops_ring
D:2:      layout_basic, chequers_ecumenical_altar_lobes, serial_undead,
          serial_undead_a, serial_undead_a, serial_undead_c, serial_undead_b,
          chequers_serial_rivers_marsh, kennysheep_nondescript, hex_tiny
D:3:      layout_rooms, grunt_temple_overflow_diamond
D:4:      layout_cave_pools, okawaru_ov_weapons_minmay, uniq_menkaure
D:5:      layout_basic, serial_shops, shop_fountains
D:6:      layout_basic, temple_statues, basic_altar, uniq_blork_the_orc,
          uniq_grinder
D:7:      layout_rooms, serial_shops, nicolae_shop_waterfront, basic_altar,
          the_bakery
D:8:      black_bear_nest_2, layout_gridville, serial_shops,
          nicolae_shop_waterfront, nicolae_underground_beach
D:9:      layout_gridville, elyvilon_altar_5, kennysheep_little_box,
          serial_shops, nicolae_shop_overgrown_old_shop, enter_bailey_3,
          minivault_16
Bailey:   bailey_axe_of_yendor_kennysheep, bailey

Skill      XL: |  1  2  3  4  5  6  7  8  9 10 |
---------------+-------------------------------+-----
Shields        | 4 5 6 7 8 9 |  9.0
Fighting       | 4 5 6 7 8 |  8.6
Armour         | 4 5 6 7 8 |  8.6
Axes           | 3 4 5 6 7 |  7.5

Action                   |  1- 3 |  4- 6 |  7- 9 | 10-12 || total
-------------------------+-------+-------+-------+-------++-------
Melee: War axe           |   126 |    95 |   297 |    57 ||   575
       Mace              |       |       |    37 |    35 ||    72
       Battleaxe         |       |       |       |    30 ||    30
Throw: Dart              |       |       |       |     1 ||     1
Invok: Heroism           |       |       |     1 |     1 ||     2
 Abil: Dig               |     2 |     2 |    16 |     6 ||    26
Evoke: Wand              |       |       |     1 |     2 ||     3
  Use: Scroll            |       |     9 |     4 |     2 ||    15
       Potion            |       |       |       |     2 ||     2
 Stab: Sleeping          |       |       |       |     1 ||     1
Armor: Scale mail        |    55 |    61 |   125 |    22 ||   263
Dodge: Dodged            |    50 |    43 |   137 |    20 ||   250
Block: Kite shield       |    75 |    65 |   229 |    61 ||   430
